 Dungeon Crawl Stone Soup version 0.26-a0-858-gbf766624f9 (webtiles) character file.

Game seed: 13153196603893423782

376 robertstho the Chiller (level 6, -1/33 HPs)
             Began as a Deep Elf Ice Elementalist on Nov 24, 2020.
             Killed by nerve-wracking pain
             ... invoked by an orc priest
              (13 damage)
             ... on level 4 of the Dungeon.
             The game lasted 00:08:09 (4100 turns).

robertstho the Chiller (Deep Elf Ice Elementalist)  Turns: 4100, Time: 00:08:09

Health: -1/33      AC:  2    Str:  5    XL:     6   Next: 44%
Magic:  16/16      EV: 14    Int: 22    God:
Gold:   120        SH:  0    Dex: 15    Spells: 5/16 levels left

rFire    . . .     SeeInvis .   c - +0 dagger
rCold    . . .     Faith    .   (no shield)
rNeg     . . .     Spirit   .   a - +0 robe
rPois    .         Reflect  .   (no helmet)
rElec    .         Harm     .   (no cloak)
rCorr    .         Rampage  .   (no gloves)
MR       .....                  (no boots)
Stlth    +++.......             (no amulet)
HPRegen  0.11/turn              (no ring)
MPRegen  0.15/turn              (no ring)

@: no status effects
A: no striking features
a: no special abilities


You were on level 4 of the Dungeon.
You visited 1 branch of the dungeon, and saw 4 of its levels.

You collected 120 gold pieces.

Inventory:

Hand Weapons
 c - a +0 dagger (weapon)
Missiles
 b - 10 poisoned darts (quivered)
 p - 2 boomerangs of dispersal
Armour
 a - a +0 robe (worn)
Wands
 e - a wand of flame (14)
 n - a wand of iceblast (5)
Scrolls
 f - 2 scrolls of enchant weapon {unknown}
 j - a scroll of amnesia {unknown}
 k - a scroll of remove curse {unknown}
 l - 2 scrolls of fear {unknown}
 o - a scroll of teleportation
 s - a scroll of random uselessness {unknown}
 t - 2 scrolls of magic mapping {unknown}
 u - 3 scrolls of identify {unknown}
 v - a scroll of immolation {unknown}
Potions
 d - a potion of attraction {unknown}
 g - a potion of heal wounds {unknown}
 h - a potion of cancellation {unknown}
 i - a potion of berserk rage {unknown}
 m - a potion of lignification {unknown}
 q - a potion of haste {unknown}
 r - a potion of mutation {unknown}


   Skills:
 + Level 0.3 Fighting
 + Level 0.8 Short Blades
 + Level 0.4 Throwing
 + Level 3.6 Dodging
 + Level 3.7 Stealth
 * Level 5.5 Spellcasting
 * Level 6.4 Ice Magic


You had 5 spell levels left.
You knew the following spells:

 Your Spells              Type           Power        Failure   Level
a - Freeze                Ice            ####         1%          1
b - Frozen Ramparts       Ice            ####..       1%          3
c - Ozocubu's Armour      Ice            ####....     1%          3
d - Hailstorm             Conj/Ice       ###.....     26%         4

Your spell library contained the following spells:

 Spells                   Type           Power        Failure   Level
 Summon Ice Beast         Ice/Summ       ###.....     26%         4


Dungeon Overview and Level Annotations

Branches:
Dungeon (4/15)
 Temple: D:4-7

Altars:
Kikubaaqudgha

Annotations:
D:3 Grinder


Message History

The adder skeleton is heavily damaged.
The adder skeleton bites you.
You hit the adder skeleton.
The adder skeleton is severely damaged.
The adder skeleton misses you.
You hit the adder skeleton.
The adder skeleton is severely damaged.
The adder skeleton bites you but does no damage.
You hit the adder skeleton.
The adder skeleton is almost destroyed.
The adder skeleton barely misses you.
You hit the adder skeleton but do no damage.
The adder skeleton is almost destroyed.
The adder skeleton bites you.
You hit the adder skeleton.
You destroy the adder skeleton!
An orc priest comes into view. It is wielding a -1 hand axe.
The orc priest calls down the wrath of Beogh upon you.
Pain shoots through your body!
You die...

. ..# #.#.#
###.#.#)####.##
......o...[....
#)# #†# #.# #.#
#@# #.# #.#
######### #.#
........# #.#
........###.#
........#.#.#
#.......#...#
###
#.......#.###
##...


You could see an orc priest.

Vanquished Creatures
  A hound (D:4)
  An orc priest (D:4)
  Ijyb (D:3)
  Jessica (D:2)
  An iguana (D:4)
  Natasha (twice) (D:2)
  3 worker ants (D:4)
  2 adders (D:4)
  2 oozes
  2 adder skeletons (D:4)
  3 worms
  2 dart slugs
  2 leopard geckos (D:4)
  7 orcs
  6 bats
  A giant cockroach (D:4)
  7 goblins
  4 hobgoblins
  8 jackals
  8 kobolds
  A quokka (D:3)
  2 frilled lizards
  A jackal skeleton (D:4)
  7 rats
75 creatures vanquished.

Vanquished Creatures (others)
  10 plants (D:2)
10 creatures vanquished.

Grand Total: 85 creatures vanquished

Notes
Turn   | Place    | Note
-------+----------+-------------------------------------------
     0 | D:1      | robertstho the Deep Elf Ice Elementalist began the quest
                  | for the Orb.
     0 | D:1      | Reached XP level 1. HP: 10/10 MP: 6/6
    62 | D:1      | Reached XP level 2. HP: 2/15 MP: 2/8
   336 | D:1      | You fall into a shaft and drop 1 floor!
   369 | D:2      | Noticed Natasha
   376 | D:2      | Killed Natasha
   377 | D:2      | Reached skill level 5 in Ice Magic
   377 | D:2      | Reached XP level 3. HP: 13/19 MP: 5/9
   433 | D:2      | Learned a level 3 spell: Frozen Ramparts
   437 | D:2      | Learned a level 3 spell: Ozocubu's Armour
   573 | D:2      | Noticed Jessica
   578 | D:2      | Killed Jessica
   687 | D:2      | Reached XP level 4. HP: 17/24 MP: 7/11
  1426 | D:2      | Found an ancient bone altar of Kikubaaqudgha.
  1625 | D:2      | Noticed Natasha
  1638 | D:2      | Killed Natasha
  1877 | D:3      | Noticed Ijyb
  1915 | D:3      | Killed Ijyb
  1916 | D:3      | Reached XP level 5. HP: 9/28 MP: 9/13
  2170 | D:3      | Noticed Grinder
  2178 | D:3      | Paralysed by Grinder for 7 turns
  2196 | D:3      | Paralysed by Grinder for 5 turns
  2236 | D:2      | Learned a level 4 spell: Hailstorm
  2978 | D:4      | Reached skill level 6 in Ice Magic
  3304 | D:4      | Reached XP level 6. HP: 27/32 MP: 11/15
  3396 | D:4      | Reached skill level 5 in Spellcasting
  4100 | D:4      | Killed from afar by an orc priest

Illustrated notes

Levels and vault maps discovered:
D:1:      eino_arrival_tree_alley, layout_loops_ring
D:2:      layout_basic, lemuel_coloured_pillars_altar, serial_aquarium,
          aquarium_bridge_long_separate [aquarium_subvault_bridge,
          aquarium_subvault_window, aquarium_subvault_wall,
          aquarium_subvault_bridge, aquarium_subvault_balcony,
          aquarium_subvault_wall], aquarium_window_2, aquarium_window_1,
          aquarium_view_2d, aquarium_view_2b, aquarium_balcony_3a,
          aquarium_pool_split, lexackson_kobold_supper, uniq_jessica,
          uniq_natasha
D:3:      layout_loops_ring, uniq_grinder, uniq_ijyb
D:4:      layout_basic, gammafunk_temple_overflow_elements

Skill      XL: |  1  2  3  4  5  6 |
---------------+-------------------+-----
Ice Magic      | 5 6 |  6.4
Stealth        | 3 |  3.7
Spellcasting   | 4 5 |  5.5
Dodging        | 3 |  3.6
Fighting       | |  0.3
Short Blades   | |  0.8
Throwing       | |  0.4

Action                   |  1- 3 |  4- 6 || total
-------------------------+-------+-------++-------
Melee: Unarmed           |     8 |       ||     8
       Dagger            |     9 |   100 ||   109
Throw: Dart              |     9 |       ||     9
 Cast: Freeze            |    16 |       ||    16
       Frozen Ramparts   |     2 |    27 ||    29
Evoke: Wand              |       |     1 ||     1
  Use: Scroll            |     1 |       ||     1
 Stab: Sleeping          |     3 |     8 ||    11
Armor: Robe              |     9 |    22 ||    31
Dodge: Dodged            |    43 |   104 ||   147

Table legend: (Time is in decaauts)
 A = Elapsed time spent in this place.
 B = Non-inter-level travel time spent in this place.
 C = Inter-level travel time spent in this place.
 D = Time resting spent in this place.
 E = Time spent auto-exploring this place.
 F = Levels seen in this place.
 G = Mean time per level.
                   A        B        C        D        E       F      G
               +--------+--------+--------+--------+--------+-----+--------+
         Total |   4097 |   4044 |     53 |    557 |   2803 |   4 | 1024.2 |
       Dungeon |   4097 |   4044 |     53 |    557 |   2803 |   4 | 1024.2 |
               +--------+--------+--------+--------+--------+-----+--------+

Top non-repeatable levels by time:
     D:2: 1576 daAuts
     D:4: 1156 daAuts
     D:3: 1028 daAuts
     D:1: 335 daAuts
